 Dungeon Crawl Stone Soup version 0.27.0 (webtiles) character file.

Game seed: 13731360828896578319

9 backslashecho the Skirmisher (level 2, 0/27 HPs)
             Began as a Minotaur Fighter on July 31, 2021.
             Succumbed to a kobold's poison
             ... on level 1 of the Dungeon.
             The game lasted 00:00:33 (175 turns).

backslashecho the Skirmisher (Minotaur Fighter)      Turns: 175, Time: 00:00:33

Health: 0/27       AC:  7    Str: 20    XL:     2   Next: 3%
Magic:  1/1        EV:  7    Int:  5    God:
Gold:   8          SH:  9    Dex:  9    Spells: 1/1 levels left

rFire    . . .     SeeInvis .   a - +0 war axe
rCold    . . .     Faith    .   c - +0 kite shield
rNeg     . . .     Spirit   .   b - +0 scale mail
rPois    .         Reflect  .   (helmet restricted)
rElec    .         Harm     .   (no cloak)
rCorr    .         Rampage  .   (no gloves)
Will     .....                  (no boots)
Stlth    ..........             (no amulet)
HPRegen  0.09/turn              (no ring)
MPRegen  0.07/turn              (no ring)

@: lethally poisoned (0 -> -4)
A: horns 2, retaliatory headbutt
a: no special abilities


You were on level 1 of the Dungeon.
You visited 1 branch of the dungeon, and saw 1 of its levels.

You collected 8 gold pieces.

Inventory:

Hand Weapons
 a - a +0 war axe (weapon)
Armour
 b - a +0 scale mail (worn)
 c - a +0 kite shield (worn)
Scrolls
 e - a scroll of teleportation {unknown}
Potions
 d - a potion of might


   Skills:
 + Level 3.8 Fighting
 * Level 2.9 Axes
 + Level 3.8 Armour
 + Level 3.8 Shields


You had one spell level left.
You didn't know any spells.
Your spell library was empty.

Dungeon Overview and Level Annotations

Branches:
Dungeon (1/15)

Altars:


Innate Abilities, Weirdness & Mutations

You have a pair of horns on your head.
You reflexively headbutt those who attack you in melee.


Message History

The kobold shouts!
The goblin hits you but does no damage.
You are poisoned.
You hit the goblin but do no damage. You headbutt the goblin.
You kill the goblin!
You feel very sick.
You take 3 damage, and have 17/20 hp.
You closely miss the kobold. You headbutt the kobold.
The kobold is moderately wounded.
You feel sick. You block the kobold's attack.
The kobold hits you with a +2 dagger of venom.
You are lethally poisoned!
You take 6 damage, and have 11/20 hp.
MASSIVE DAMAGE!!
You closely miss the kobold. You headbutt the kobold.
You kill the kobold!
* * * LOW HITPOINT WARNING * * *
You feel very sick.
You have reached level 2!
You take 2 damage, and have 9/27 hp.
MP restored: 1
Okay, then.
A rat comes into view.
* * * LOW HITPOINT WARNING * * *
You feel very sick.
Things that are here:
a +2 dagger of venom; a +0 dagger of venom; a goblin corpse You take 3 damage, and have 6/27 hp.
* * * LOW HITPOINT WARNING * * *
You feel sick.
Found a scroll labelled XUROEMI ANOUT and a scroll labelled MOADUF ZUUMU.
You take 2 damage, and have 4/27 hp.
* * * LOW HITPOINT WARNING * * *
You feel sick.
You take 1 damage, and have 3/27 hp.
* * * LOW HITPOINT WARNING * * *
You feel sick.
You take 1 damage, and have 2/27 hp.
You slash the rat!
You kill the rat!
You die...

#.#.# #.##.# #.#
#.# ##.# #.#.#
#.#..# #.# #.# #..
#.#(# #[#.## ##.#
########.
#.#.###.#.###....#
........
#.#...........####
.......#
#.#####.#.###.#
#....... ### #.#.#
..# .#...#..
##.#)##??#
..#...#.
#.....@†.#
...#.#.#
#P#.##.###....#
....#... #.## #.#
.#.# .#.#...< #
... # .#..... ##..
...#...# #### ..
##.. . .#. ...#
....


There were no monsters in sight!

Vanquished Creatures
  A bat (D:1)
  A giant cockroach (D:1)
  A goblin (D:1)
  A hobgoblin (D:1)
  A ball python (D:1)
  2 kobolds (D:1)
  2 rats (D:1)
9 creatures vanquished.

Notes
Turn   | Place    | Note
-------+----------+-------------------------------------------
     0 | D:1      | backslashecho the Minotaur Fighter began the quest for the
                  | Orb.
     0 | D:1      | Reached XP level 1. HP: 19/19 MP: 0/0
   171 | D:1      | Reached XP level 2. HP: 9/27 MP: 1/1
   175 | D:1      | Succumbed to a kobold's poison

Illustrated notes

Levels and vault maps discovered:
D:1:      matt_arrival_diagonals, layout_loops_ring, serial_aquarium,
          aquarium_bridge_straight [aquarium_subvault_bridge,
          aquarium_subvault_balcony, aquarium_subvault_bridge,
          aquarium_subvault_wall], aquarium_bridge_square
          [aquarium_subvault_balcony, aquarium_subvault_wall,
          aquarium_subvault_bridge, aquarium_subvault_bridge],
          aquarium_window_corridor_1, aquarium_window_fake, aquarium_view_2c,
          aquarium_view_2c, serial_bayou_ford_a, minmay_cut_off

Action                   || total
-------------------------++-------
Melee: War axe           ||    18
       Headbutt          ||     5
Armor: Scale mail        ||    12
Dodge: Dodged            ||     4
Block: Kite shield       ||    10
